 Dungeon Crawl Stone Soup version 0.21.1-1-g345015f (webtiles) character file.

4 Monsterracer the Vexing (level 1, -1/7 HPs)
             Began as a Felid Enchanter on Feb 10, 2018.
             Slain by a kobold (4 damage)
             ... on level 1 of the Dungeon.
             The game lasted 00:00:22 (216 turns).

Monsterracer the Vexing (Felid Enchanter)            Turns: 216, Time: 00:00:23

Health: -1/7       AC:  1    Str:  4    XL:     1   Next: 50%
Magic:  4/4        EV: 18    Int: 16    God:
Gold:   27         SH:  0    Dex: 16    Spells: 3/4 levels left
                                        Lives:  0   Deaths: 0

rFire    . . .     SeeInvis +     - Unarmed
rCold    . . .     Gourm    .   (shield unavailable)
rNeg     . . .     Faith    .   (armour unavailable)
rPois    .         Spirit   .   (helmet unavailable)
rElec    .         Reflect  .   (cloak unavailable)
rCorr    .         Harm     .   (gloves unavailable)
MR       .....                  (boots unavailable)
Stlth    +++.......             (no amulet)
HPRegen  0.02/turn              (no ring)
MPRegen  0.09/turn              (no ring)

@: quick
A: very small, no armour, no weapons or thrown items, stealth, claws 1, fangs 3,
see invisible, carnivore, speed 1, shaggy fur 1, slow metabolism 1, sharp paws
a: no special abilities


You were on level 1 of the Dungeon.
You were very full.

You visited 1 branch of the dungeon, and saw 1 of its levels.

You collected 27 gold pieces.

Inventory:

Jewellery
 b - an uncursed ring of protection from fire {unknown}
Potions
 d - a potion of brilliance {unknown}
 e - a potion of agility {unknown}
Books
 a - a book of Maledictions

   Spells                             Type                      Level
   a - Corona                         Hexes                        1
   b - Ensorcelled Hibernation        Hexes/Ice                    2
   c - Confuse                        Hexes                        3
   d - Tukima's Dance                 Hexes                        3
   e - Dazzling Spray                 Conjuration/Hexes            3
Comestibles
 c - 3 rations


   Skills:
 + Level 0.1 Fighting
 + Level 2.7 Dodging
 + Level 4.1 Stealth
 * Level 1.2 Unarmed Combat
 - Level 2.0 Spellcasting
 - Level 4.4 Hexes


You had 3 spell levels left.
You knew the following spells:

 Your Spells              Type           Power        Failure   Level  Hunger
a - Corona                Hex            ###....      3%          1    #......


Dungeon Overview and Level Annotations

Branches:
Dungeon (1/15)

Altars:


Innate Abilities, Weirdness & Mutations

You cannot wear armour.
You are incapable of wielding weapons or throwing items.
Your paws allow you to move quietly. (Stealth)
You have sharp claws.
You have razor-sharp teeth.
You have supernaturally acute eyesight. (SInv)
You are carnivorous and can eat meat at any time.
You cover ground quickly.
You are covered in fur. (AC +1)
You have a slow metabolism.
Your sharp claws are effective at attacking unaware monsters.


Message History

No target in view!
You butcher the bat corpse.
f - a chunk of flesh You see here a bat skeleton. x2
Eating a chunk of flesh.
You eat the chunk of flesh.
This raw flesh tastes great.
The rat is too close now for your liking.
A rat is nearby!
The helpless rat fails to defend itself.
You claw the rat!
You kill the rat!
The frilled lizard is too close now for your liking.
The frilled lizard hisses angrily.
You see here a bat corpse.
A frilled lizard is nearby!
A frilled lizard is nearby!
You miss the frilled lizard. Your bite misses the frilled lizard.
A frilled lizard is nearby!
You scratch the frilled lizard.
The frilled lizard is heavily wounded.
The frilled lizard bites you.
You take 1 damage, and have 6/7 hp.
You miss the frilled lizard.
The frilled lizard is heavily wounded.
The frilled lizard closely misses you.
A frilled lizard is nearby!
You miss the frilled lizard.
The frilled lizard is heavily wounded.
The frilled lizard misses you.
You scratch the frilled lizard.
You kill the frilled lizard!
HP restored.
You butcher the frilled lizard corpse.
f - a chunk of flesh Eating a chunk of flesh.
You eat the chunk of flesh.
This raw flesh tastes great.
You butcher the bat corpse.
f - a chunk of flesh You see here a bat skeleton. x2
Eating a chunk of flesh.
You eat the chunk of flesh.
This raw flesh tastes great.
Key pressed, stopping explore.
No target in view!
Health restored: 7 You see here a runed whip.
Key pressed, stopping explore.
No target in view!
c - 2 rations (gained 1)
Found a stone staircase leading down.
c - 3 rations (gained 1)
Found a mace.
No target in view!
No target in view!
You see here a mace.
Found a hunting sling.
You open the door.
A rat comes into view.
There is an open door here.
You barely miss the rat. The rat closely misses you.
You closely miss the rat. The rat closely misses you.
You scratch the rat.
The rat is moderately wounded.
The rat misses you.
A rat is nearby!
You scratch the rat.
You kill the rat!
There is an open door here.
Key pressed, stopping explore.
No target in view!
No target in view!
You now have 27 gold pieces (gained 13).
Found a scale mail.
A kobold comes into view.
Found 6 gold pieces.
A kobold is nearby!
The kobold throws a stone.
The stone closely misses you. The kobold closely misses you.
You scratch the kobold but do no damage.
You bite the kobold, but do no damage. The kobold closely misses you.
You barely miss the kobold. The kobold hits you.
You take 1 damage, and have 6/7 hp.
A kobold is nearby!
You closely miss the kobold. The kobold misses you.
You barely miss the kobold. The kobold misses you.
A kobold is nearby!
You barely miss the kobold. The kobold closely misses you.
A kobold is nearby!
You scratch the kobold but do no damage.
The kobold completely misses you.
A kobold is nearby!
You closely miss the kobold. The kobold hits you.
* * * LOW HITPOINT WARNING * * *
You take 3 damage, and have 3/7 hp.
MASSIVE DAMAGE!!
You scratch the kobold but do no damage.
The kobold closely misses you.
You scratch the kobold but do no damage.
The kobold misses you.
You barely miss the kobold. Your bite misses the kobold. The kobold hits you.
Ouch! That really hurt!
You die...

#....### ........ .#
#..[.. ###.# #...
....############.###
............#..(...#
............#.##.#.#
............#.#..#.#
............#.#.@..#
............#.##K###
'#............#..$
.###........###..##
.# #........# #..#
.# #........# #..#
.# ########## #..#
.. ...#
################


You could see a kobold.

Vanquished Creatures
  2 bats (D:1)
  A frilled lizard (D:1)
  3 rats (D:1)
6 creatures vanquished.

Notes
Turn   | Place    | Note
-------+----------+-------------------------------------------
     0 | D:1      | Monsterracer the Felid Enchanter began the quest for the Orb.
     0 | D:1      | Reached XP level 1. HP: 7/7 MP: 4/4
   213 | D:1      | HP: 3/7 [kobold (3)]
   216 | D:1      | Slain by a kobold

Action                   || total
-------------------------++-------
Melee: Unarmed           ||    23
       Bite              ||     1
 Stab: Sleeping          ||     4
  Eat: Chunk             ||     4
Dodge: Dodged            ||    14

Vault maps used:
D:1:      dpeg_arrival_triangle_fractal
